 Dungeon Crawl Stone Soup version 0.29-a0-121-g8efb068a30 (webtiles) character file.

Game seed: 17476193239114669893

4797 Gargoyl the Chopper (level 10, -2/61 HPs)
             Began as a Gargoyle Abyssal Knight on Feb 20, 2022.
             Was a Priest of Lugonu.
             Slain by a swamp worm (15 damage)
             ... on level 1 of the Lair of Beasts.
             The game lasted 00:10:37 (9813 turns).

Gargoyl the Chopper (Gargoyle Abyssal Knight)       Turns: 9813, Time: 00:10:38

Health: -2/61      AC: 26    Str: 23    XL:     10   Next: 48%
Magic:  15/15      EV: 11    Int: 11    God:    Lugonu [***...]
Gold:   588        SH:  8    Dex: 12    Spells: 9/9 levels left

rFire   . . .      SeeInvis .   a - +3 hand axe
rCold   . . .      Faith    .   b - +3 warlock's mirror {reflect}
rNeg    + . .      Spirit   .   s - +1 scale mail
rPois   ∞          Reflect  +   u - +2 helmet
rElec   +          Harm     .   (no cloak)
rCorr   .          Rampage  .   (no gloves)
Will    .....                   n - +2 pair of boots
Stlth   +.........              e - amulet of the acrobat
HPRegen 0.20/turn               h - ring of flight
MPRegen 0.14/turn               l - +4 ring of protection

@: flying
A: sickness immunity, AC +7, negative energy resistance 1, electricity
resistance, torment resistance 1, petrification resistance, agile 1, strong 1
a: Renounce Religion, Depart the Abyss, Bend Space, Banish


You were on level 1 of the Lair of Beasts.
You worshipped Lugonu.
Lugonu was most pleased with you.
You visited 2 branches of the dungeon, and saw 11 of its levels.
You visited the Abyss 1 time.
You also visited: Ossuary.

You collected 588 gold pieces.

Inventory:

Hand Weapons
 a - a +3 hand axe (weapon)
Missiles
 v - 9 poisoned darts (quivered)
Armour
 b - the +3 warlock's mirror (worn) {reflect}
   (You acquired it on level 3 of the Dungeon)

   It can block and reflect piercing ranged attacks and magical attacks against
   the wielder's willpower.
 n - a +2 pair of boots (worn)
 s - a +1 scale mail (worn)
 u - a +2 helmet (worn)
Jewellery
 e - an amulet of the acrobat (around neck)
 h - a ring of flight (left hand)
 l - a +4 ring of protection (right hand)
Wands
 f - a wand of flame (15)
 r - a wand of iceblast (2)
 y - a wand of acid (9)
Scrolls
 o - 2 scrolls of holy word
 x - 6 scrolls of teleportation
 A - 2 scrolls of amnesia {unknown}
 B - a scroll of fog
 C - a scroll of identify
Potions
 c - 2 potions of resistance
 d - 2 potions of invisibility
 g - 2 potions of mutation
 i - 3 potions of attraction
 j - 2 potions of brilliance
 k - 2 potions of lignification
 m - 8 potions of curing
 p - a potion of might
 q - 2 potions of ambrosia {unknown}
 t - 2 potions of heal wounds {unknown}
 w - a potion of magic {unknown}
 z - a potion of haste {unknown}


   Skills:
 + Level 6.7 Fighting
 + Level 7.9 Axes
 + Level 0.6 Throwing
 + Level 6.4 Armour
 + Level 3.6 Dodging
 + Level 2.5 Stealth
 + Level 5.4 Shields
 * Level 7.6 Invocations
 + Level 0.2 Evocations


You had 9 spell levels left.
You didn't know any spells.
Your spell library contained the following spells:

 Spells                   Type           Power      Damage    Failure   Level
 Ensorcelled Hibernation  Hex/Ice        0%         N/A       85%         2
 Spider Form              Tmut/Pois      0%         N/A       97%         3
 Anguish                  Hex/Necr       0%         N/A       100%        4


Dungeon Overview and Level Annotations

Branches:
Dungeon (10/15)            Temple (0/1) D:7            Lair (1/6) D:9
Ossuary (visited)
    Orc: D:9-12

Altars:
Ashenzari
Nemelex Xobeh
Okawaru
Uskayaw
Vehumet
Wu Jian

Shops:
D:2 [


Innate Abilities, Weirdness & Mutations

You are immune to sickness and miasma.
Your stone body is resilient. (AC +7)
You are immune to poison.
You resist negative energy. (rN+)
You are resistant to electric shocks. (rElec)
You are resistant to unholy torment.
You are immune to petrification.
You are agile. (Dex +2)
Your muscles are strong. (Str +2)


Message History

The swamp worm closely misses you.
You hit the swamp worm.
The swamp worm is lightly wounded.
You closely miss the swamp worm.
The swamp worm bites you but does no damage.
Unknown command.
You hit the swamp worm.
The swamp worm is lightly wounded.
You hit the swamp worm. The swamp worm barely misses you.
The swamp worm bites you but does no damage.
Unknown command.
You hit the swamp worm.
The swamp worm is moderately wounded.
You barely miss the swamp worm. You closely miss the swamp worm.
The swamp worm bites you. The swamp worm bites you! x2
You hit the swamp worm.
The swamp worm is heavily wounded.
You hit the swamp worm.
You hit the swamp worm but do no damage.
The swamp worm barely misses you.
The swamp worm bites you but does no damage.
The swamp worm bites you. The swamp worm bites you!
You hit the swamp worm.
The swamp worm is heavily wounded.
You hit the swamp worm. x2; The swamp worm bites you!
* * * LOW HITPOINT WARNING * * *
The swamp worm bites you!
* * * LOW HITPOINT WARNING * * *
You block the swamp worm's attack.
You closely miss the swamp worm.
The swamp worm is heavily wounded.
You barely miss the swamp worm. You hit the swamp worm.
The swamp worm closely misses you.
The swamp worm bites you but does no damage. x2
You feel better.
The swamp worm bites you but does no damage.
The swamp worm bites you.
* * * LOW HITPOINT WARNING * * *
The swamp worm bites you!
You die...

#.##....#.##......#..##.### ..
#...#.....##...........# ..
#.....###.............####...
##....####...................
#......###.............≈≈≈≈≈.
..P.#...................≈≈≈≈≈≈≈
..................P...≈≈≈≈### ≈
.#............w......≈≈≈###
..............@w.....≈≈P#
...............w.....≈≈≈ww≈
.#...................≈≈≈#≈(
....................≈≈≈###≈
.....................≈≈≈≈
.....................≈≈
...##................≈ .#
................


You could see 3 swamp worms.

Vanquished Creatures
  Joseph (D:9)
  4 blink frogs
  A vampire (D:9)
  2 shadows
  Sigmund (D:6)
  A wyvern (D:9)
  A steam dragon (D:3)
  Grum (D:8)
  A water moccasin (D:6)
  An orc warrior (D:5)
  A sky beast (D:8)
  2 black bears
  An ogre (D:5)
  2 wolves (D:8)
  3 centaurs
  2 phantoms (D:6)
  4 bullfrogs
  2 scorpions
  2 water moccasin skeletons (D:6)
  2 howler monkeys (D:9)
  A centaur zombie (D:9)
  3 bullfrog zombies (D:6)
  4 hounds
  An orc priest (D:7)
  2 jellies
  A bullfrog skeleton (D:5)
  Terence (D:3)
  Jessica (D:2)
  Ijyb (D:3)
  4 iguanas
  Natasha (twice) (D:2)
  7 orc wizards
  A killer bee zombie (D:7)
  A hound skeleton (D:4)
  9 mummies
  A howler monkey skeleton (D:5)
  A shadow imp (D:6)
  2 white imps
  3 worms
  2 dart slugs (D:5)
  19 orcs
  7 endoplasms
  3 giant cockroaches
  6 goblins
  5 hobgoblins
  3 kobolds
  2 quokkas
  4 ball pythons
  2 bats
  8 frilled lizards
  A hobgoblin zombie (Ossuary)
  4 kobold zombies (Ossuary)
  3 orc zombies (Ossuary)
  3 rats (D:1)
153 creatures vanquished.

Vanquished Creatures (others)
  3 plants (Lair:1)
3 creatures vanquished.

Grand Total: 156 creatures vanquished

Notes
Turn   | Place    | Note
-------+----------+-------------------------------------------
     0 | Abyss:1  | Gargoyl the Gargoyle Abyssal Knight began the quest for the
                  | Orb.
     0 | Abyss:1  | Reached XP level 1. HP: 14/14 MP: 2/2
     0 | D:1      | Escaped the Abyss
    95 | D:1      | Reached * piety under Lugonu
   140 | D:1      | Found a faded altar of an unknown god.
   143 | D:1      | Reached XP level 2. HP: 19/19 MP: 3/3
   659 | D:2      | Reached XP level 3. HP: 24/24 MP: 4/4
  1038 | D:2      | Noticed Natasha
  1045 | D:2      | Killed Natasha
  1071 | D:2      | Found Unnana's Antique Armour Boutique.
  1075 | D:2      | Reached XP level 4. HP: 29/29 MP: 6/6
  1079 | D:2      | Reached ** piety under Lugonu
  1393 | D:2      | Noticed Natasha
  1401 | D:2      | Killed Natasha
  1402 | D:2      | Reached skill level 1 in Dodging
  1617 | D:3      | Noticed Jessica
  1633 | D:2      | Killed Jessica
  1634 | D:2      | Reached XP level 5. HP: 23/33 MP: 7/7
  1809 | D:3      | Noticed Terence
  1822 | D:3      | Killed Terence
  1923 | D:3      | Noticed Ijyb
  1951 | D:3      | Killed Ijyb
  2073 | D:3      | Identified a scroll of acquirement
  2073 | D:3      | Acquired the +3 warlock's mirror {reflect}
  2073 | D:3      | Found the +3 warlock's mirror {reflect}
  2347 | D:3      | Found an iron altar of Okawaru.
  2347 | D:3      | Found a sparkling altar of Nemelex Xobeh.
  2347 | D:3      | Noticed a steam dragon
  2357 | D:3      | Killed a steam dragon
  2358 | D:3      | Reached XP level 6. HP: 27/39 MP: 6/8
  2992 | D:4      | Reached XP level 7. HP: 44/44 MP: 9/9
  3261 | D:4      | Found an ornate altar of the Wu Jian Council.
  3265 | D:4      | Found a hide-covered altar of Uskayaw.
  3327 | D:5      | Entered Level 5 of the Dungeon
  4153 | D:5      | Reached skill level 1 in Shields
  4498 | D:6      | Found a sand-covered staircase.
  4543 | Ossuary  | Entered an ossuary
  4635 | Ossuary  | Reached XP level 8. HP: 48/48 MP: 11/11
  4962 | Ossuary  | Reached skill level 5 in Axes
  5125 | D:6      | Reached skill level 5 in Fighting
  5125 | D:6      | Reached skill level 5 in Invocations
  5139 | D:6      | Gained mutation: Your muscles are strong. (Str +2) [potion
                  | of mutation]
  5139 | D:6      | Gained mutation: You are agile. (Dex +2) [potion of
                  | mutation]
  5200 | D:6      | Noticed Sigmund
  5711 | D:6      | Killed Sigmund
  5760 | D:6      | Reached skill level 5 in Armour
  5760 | D:6      | Reached skill level 1 in Stealth
  5931 | D:6      | Reached *** piety under Lugonu
  6093 | D:6      | Reached XP level 9. HP: 53/54 MP: 13/13
  6298 | D:6      | Found a broken altar of Ashenzari.
  6696 | D:7      | Found a radiant altar of Vehumet.
  7023 | D:7      | Found a staircase to the Ecumenical Temple.
  7719 | D:8      | Noticed Grum
  7728 | D:8      | Killed Grum
  8274 | D:9      | Reached XP level 10. HP: 51/61 MP: 15/15
  8390 | D:9      | Noticed Joseph
  8425 | D:9      | Killed Joseph
  8437 | D:9      | Reached skill level 5 in Shields
  8691 | D:9      | Found a staircase to the Lair.
  9084 | D:9      | Identified the +8 dagger of the Neverending Youths {holy,
                  | rN+ SInv}
  9134 | D:10     | Entered Level 10 of the Dungeon
  9159 | Lair:1   | Entered Level 1 of the Lair of Beasts
  9813 | Lair:1   | Slain by a swamp worm

Illustrated notes

Levels and vault maps discovered:
D:1:      sevenhm_arrival_forest_fort_small_3, layout_rooms,
          chequers_ecumenical_altar_island, st_stairs_13
D:2:      layout_basic, serial_shops, nicolae_square_shop, roderic_lattice_a,
          uniq_natasha
D:3:      layout_rooms, gammafunk_temple_overflow_pools, uniq_ijyb,
          uniq_terence, uniq_jessica
D:4:      layout_basic, nicolae_overflow_hidden_temple, minmay_ruptured
D:5:      layout_basic
D:6:      minmay_cornered_nines, layout_basic, old_standard_altar,
          gup_ossuary_entry_pyramid, amethyst_killhole, uniq_sigmund
D:7:      layout_rooms, lemuel_round_altar, temple_hall
D:8:      layout_gridville, uniq_grum
D:9:      layout_loops_cross, lair_entry_dummy, uniq_joseph
D:10:     gammafunk_worm_tunnel, layout_loops_corners, zombieorc2_lemuel,
          serial_undead, serial_undead_e, serial_undead_d, serial_undead_b,
          serial_undead_b
Lair:1:   layout_layer_cave, worms_lemuel, uniq_gastronok

Skill      XL: |  1  2  3  4  5  6  7  8  9 10 |
---------------+-------------------------------+-----
Axes           | 2 3 4 6 7 |  7.9
Fighting       | 4 5 6 |  6.7
Dodging        | 1 2 3 |  3.6
Invocations    | 3 4 6 7 |  7.6
Armour         | 3 4 5 6 |  6.4
Shields        | 1 2 4 5 |  5.4
Stealth        | 1 2 |  2.5
Throwing       | |  0.6
Evocations     | |  0.2

Action                   |  1- 3 |  4- 6 |  7- 9 | 10-12 || total
-------------------------+-------+-------+-------+-------++-------
Melee: Hand axe          |    58 |   138 |   492 |    94 ||   782
       Punch             |     1 |       |       |       ||     1
Throw: Dart              |       |     4 |     2 |     2 ||     8
Invok: Depart the Abyss  |     1 |       |       |       ||     1
       Bend Space        |       |     1 |       |       ||     1
Evoke: Wand              |       |     3 |       |       ||     3
  Use: Scroll            |     6 |     4 |    10 |       ||    20
       Potion            |       |     1 |     3 |     1 ||     5
Armor: Leather armour    |    13 |    22 |       |       ||    35
       Scale mail        |       |    31 |   278 |    72 ||   381
Dodge: Dodged            |    54 |    79 |   190 |    65 ||   388
Block: Buckler           |       |    16 |   175 |    53 ||   244
       Reflection        |       |       |     6 |     3 ||     9

Table legend: (Time is in decaauts)
 A = Elapsed time spent in this place.
 B = Non-inter-level travel time spent in this place.
 C = Inter-level travel time spent in this place.
 D = Time resting spent in this place.
 E = Time spent auto-exploring this place.
 F = Levels seen in this place.
 G = Mean time per level.
                   A        B        C        D        E       F      G
               +--------+--------+--------+--------+--------+-----+--------+
         Total |   9884 |   9683 |    201 |    907 |   6811 |  13 |  760.3 |
       Dungeon |   8899 |   8699 |    200 |    823 |   6192 |  10 |  889.9 |
          Lair |    429 |    429 |      0 |      0 |    328 |   1 |  429.0 |
         Abyss |      0 |      0 |      0 |      0 |      0 |   1 |    0.0 |
       Ossuary |    554 |    554 |      0 |     84 |    291 |   1 |  554.0 |
               +--------+--------+--------+--------+--------+-----+--------+

Top non-repeatable levels by time:
     D:5: 1544 daAuts
     D:9: 1421 daAuts
     D:6: 1250 daAuts
     D:2: 1019 daAuts
     D:3: 908 daAuts
     D:8: 861 daAuts
     D:4: 821 daAuts
     D:1: 618 daAuts
 Ossuary: 554 daAuts
     D:7: 452 daAuts
  Lair:1: 429 daAuts
    D:10: 1 daAuts
